 Dungeon Crawl Stone Soup version 0.22.0-38-g04b72b8 (webtiles) character file.

585 FrozenPanda the Insei (level 7, -2/46 HPs)
             Began as an Octopode Transmuter on Aug 31, 2018.
             Was a Follower of Qazlal.
             Slain by a yak (7 damage)
             ... on level 6 of the Dungeon.
             The game lasted 00:08:14 (5667 turns).

FrozenPanda the Insei (Octopode Transmuter)         Turns: 5667, Time: 00:08:14

Health: -2/46      AC:  2    Str:  9 (11) XL:     7   Next: 37%
Magic:  8/11       EV: 21    Int: 16      God:    Qazlal [*.....]
Gold:   236        SH:  2    Dex: 18 (19) Spells: 6/12 levels left

rFire    . . .     SeeInvis .     - Unarmed
rCold    + . .     Gourm    .   (shield currently unavailable)
rNeg     . . .     Faith    .   (helmet currently unavailable)
rPois    x         Spirit   .   (no amulet)
rElec    .         Reflect  .   d - ring of wizardry
rCorr    .         Harm     .   h - ring of protection from cold
MR       .....                  (no ring)
Stlth    ++........             (no ring)
HPRegen  0.15/turn              (no ring)
MPRegen  0.12/turn              (no ring)
                                (no ring)
                                (no ring)

@: spider-form
A: tiny, almost no armour, stealthy swim, (amphibious), 8 rings, (constrict 8),
agile 1
a: End Transformation, Renounce Religion


You were on level 6 of the Dungeon.
You worshipped Qazlal.
Qazlal was aware of your devotion.
You were not hungry.
You were a venomous arachnid creature.
You visited 1 branch of the dungeon, and saw 6 of its levels.

You collected 236 gold pieces.

Inventory:

Missiles
 a - 37 arrows
 g - 57 bolts
 j - 40 sling bullets
 k - 51 stones (quivered)
 l - 22 poisoned needles
 q - 5 poisoned tomahawks
Armour
 b - a +0 shield
Jewellery
 d - a ring of wizardry (left front leg)
 h - a ring of protection from cold (right front leg)
 r - an uncursed ring of magical power
Wands
 u - a wand of iceblast (8)
 v - a wand of disintegration (18)
Scrolls
 n - 5 scrolls of remove curse
Potions
 i - 4 potions of curing
 o - 2 potions of flight
Comestibles
 c - 6 rations


   Skills:
 + Level 3.1 Fighting
 + Level 3.3 Dodging
 - Level 3.2 Stealth
 + Level 2.0 Shields
 + Level 4.2 Unarmed Combat
 + Level 3.3 Spellcasting
 + Level 3.4 Transmutations
 + Level 1.2 Invocations


You had 6 spell levels left.
You knew the following spells:

 Your Spells              Type           Power        Failure   Level  Hunger
a - Beastly Appendage     Tmut           ##....       5%          1    None
s - Spider Form           Tmut/Pois      #.........   21%         3    ###....
t - Sticks to Snakes      Tmut           ##......     8%          2    ##.....

Your spell library contained the following spells:

 Spells                   Type           Power        Failure   Level  Hunger
 Ice Form                 Ice/Tmut       #.......     50%         4    ####...
 Blade Hands              Tmut           ##........   58%         5    ######.


Dungeon Overview and Level Annotations

Branches:
Dungeon (5/15)
 Temple: D:4-7

Altars:
Cheibriados
Hepliaklqana
Makhleb
Qazlal
Xom
Yredelemnul

Annotations:
D:3 2 transporters


Innate Abilities, Weirdness & Mutations

You cannot wear most types of armour.
You are very stealthy in the water. (Stealth+)
((You are amphibious.))
You can wear up to eight rings at the same time.
((You can use your tentacles to constrict eight enemies at once.))
((Your skin changes colour to match your surroundings (Stealth+).))
((Your rubbery body absorbs attacks. (AC +1, EV +1)))
((One of your tentacles bears a spike.))
You are agile. (Dex +2)


Message History

You hit the crimson imp.
The crimson imp is poisoned.
The crimson imp is heavily wounded.
The crimson imp hits you but does no damage.
The yak gores you! The yak completely misses you. The yak closely misses you.
You hit the crimson imp.
The crimson imp is severely wounded.
The yak closely misses you. The crimson imp hits you.
The yak barely misses you. The yak misses you. The yak gores you!
You hit the crimson imp but do no damage.
The crimson imp is severely wounded.
The yak closely misses you. The crimson imp misses you. The yak gores you!
You block the yak's attack. The yak completely misses you.
You closely miss the crimson imp.
The crimson imp is heavily wounded.
The yak gores you. The crimson imp hits you. The yak completely misses you.
The yak closely misses you.
You hit the crimson imp.
The crimson imp is almost dead.
The yak closely misses you. The yak misses you. The yak gores you!
You die...

# .#..
########...#
#..........#
#..........#
#S..........
#5Y.......#
#sY.......#
#YY.......#
########.##
.


You could see 4 yaks, a crimson imp and a ball python.

Vanquished Creatures
  A yak (D:6)
  A scorpion (D:3)
  A crimson imp (D:3)
  A quasit (D:5)
  An orc priest (D:5)
  3 orc wizards
  Jessica (D:3)
  Ijyb (D:3)
  5 adders
  A shadow imp (D:5)
  2 adder skeletons (D:4)
  2 worms
  2 leopard geckos
  12 orcs
  A ball python (D:5)
  7 bats
  2 giant cockroaches
  7 goblins
  7 hobgoblins
  6 jackals
  8 kobolds
  A quokka (D:4)
  6 frilled lizards
  7 rats
86 creatures vanquished.

Notes
Turn   | Place    | Note
-------+----------+-------------------------------------------
     0 | D:1      | FrozenPanda the Octopode Transmuter began the quest for the Orb.
     0 | D:1      | Reached XP level 1. HP: 13/13 MP: 3/3
   511 | D:1      | Reached XP level 2. HP: 17/18 MP: 5/5
   739 | D:1      | Reached skill level 1 in Stealth
  1512 | D:2      | Reached XP level 3. HP: 23/23 MP: 6/6
  1726 | D:2      | Learned a level 3 spell: Spider Form
  1729 | D:2      | Learned a level 2 spell: Sticks to Snakes
  2439 | D:2      | You fall through a shaft for 2 floors!
  2443 | D:4      | Reached XP level 4. HP: 29/29 MP: 7/7
  2969 | D:3      | Found a transporter.
  3060 | D:3      | Noticed Ijyb
  3066 | D:3      | Reached XP level 5. HP: 33/34 MP: 8/8
  3077 | D:3      | Killed Ijyb
  3118 | D:3      | Found a faded altar of an unknown god.
  3327 | D:3      | Reached skill level 1 in Shields
  3327 | D:3      | Reached XP level 6. HP: 19/41 MP: 6/10
  3588 | D:3      | Found a transporter.
  3645 | D:3      | Found a burning altar of Makhleb.
  3645 | D:3      | Noticed a blizzard demon
  3666 | D:3      | Noticed Jessica
  3684 | D:3      | Killed Jessica
  4295 | D:3      | Found a snail-covered altar of Cheibriados.
  4308 | D:3      | Found a burning altar of Makhleb.
  4309 | D:3      | Found a hazy altar of Hepliaklqana.
  4310 | D:3      | Found a basalt altar of Yredelemnul.
  4351 | D:3      | Became a worshipper of Qazlal Stormbringer
  4351 | D:3      | Reached * piety under Qazlal
  4371 | D:4      | Found a shimmering altar of Xom.
  4864 | D:5      | Entered Level 5 of the Dungeon
  5224 | D:5      | Reached skill level 4 in Unarmed Combat
  5558 | D:5      | Reached XP level 7. HP: 44/45 MP: 11/11
  5647 | D:5      | You fall through a shaft!
  5647 | D:6      | Noticed a yak
  5647 | D:6      | Noticed a yak
  5647 | D:6      | Noticed a yak
  5647 | D:6      | Noticed a yak
  5650 | D:6      | Gained mutation: One of your tentacles bears a spike. [potion of mutation]
  5650 | D:6      | Gained mutation: You are agile. (Dex +2) [potion of mutation]
  5650 | D:6      | Noticed a yak
  5662 | D:6      | Killed a yak
  5662 | D:6      | Reached skill level 1 in Invocations
  5667 | D:6      | Slain by a yak

Skill      XL: |  1  2  3  4  5  6  7 |
---------------+----------------------+-----
Stealth        | 1 2 3 |  3.2
Fighting       | 2 3 |  3.1
Shields        | 1 2 |  2.0
Transmutations | 3 |  3.4
Dodging        | 3 |  3.3
Spellcasting   | 3 |  3.3
Unarmed Combat | 4 |  4.2
Invocations    | 1 |  1.2

Action                   |  1- 3 |  4- 6 |  7- 9 || total
-------------------------+-------+-------+-------++-------
Melee: Short sword       |    87 |       |       ||    87
       Constrict         |    27 |    14 |       ||    41
       Tentacles         |    13 |     6 |       ||    19
       Punch             |     3 |     1 |       ||     4
       Kick              |     3 |       |     1 ||     4
       Unarmed           |       |   160 |     7 ||   167
 Cast: Beastly Appendage |     4 |       |       ||     4
       Spider Form       |       |    12 |     1 ||    13
  Use: Scroll            |     3 |     9 |       ||    12
       Potion            |       |     2 |     4 ||     6
 Stab: Sleeping          |    12 |     4 |       ||    16
       Distracted        |       |     1 |       ||     1
  Eat: Chunk             |     5 |     8 |       ||    13
       Ration            |       |     1 |       ||     1
Armor: Skin              |     5 |    10 |     1 ||    16
Dodge: Dodged            |    54 |   135 |    29 ||   218
Block: Other             |       |     2 |     3 ||     5
